| TOP OF THE 1ST |
|
Pennsylvania State University Nittany Lions batting - Pitching for Ohio State University Buckeyes : RHP Ryan Potter
|
|
Pitching: RHP Ryan Potter
|
|
|
Batting: RHB Francisco Velazquez
|
0-0: Ball 1-0: Fly out, F9 (Flyball, 9, EV 83.8 MPH)
|
|
Batting: RHB Pete Martin
|
0-0: Ball 1-0: Fly out, F8 (Flyball, 78M, EV 74.4 MPH)
|
|
Batting: RHB Josh Ebeling
|
0-0: Ball 1-0: SOLO HOME RUN (Flyball, 7LD, EV 105.6 MPH), Distance : 430 ft
|
|
Batting: RHB Rob Hinojosa
|
0-0: Swinging Strike 0-1: Called Strike 0-2: Ball 1-2: Ball 2-2: Strikes out swinging, 2-3 out at first.
|
| Top of the 1st over - 1 run, 1 hit, 0 errors, 0 left on base; Pennsylvania State University 1 - Ohio State University 0 |
| BOTTOM OF THE 1ST |
|
Ohio State University Buckeyes batting - Pitching for Pennsylvania State University Nittany Lions : LHP Jeremy Bravo
|
|
Pitching: LHP Jeremy Bravo
|
|
|
Batting: LHB Adam Simpson
|
0-0: Foul Ball, location: 2F 0-1: Ball 1-1: Ground out U3 (Groundball, 3L, EV 88.1 MPH)
|
|
Batting: RHB Jacob Carrano
|
0-0: Called Strike 0-1: SINGLE (Line Drive, 9S, EV 88.1 MPH)
|
|
Batting: RHB Tristan Gimple
|
0-0: Ball 1-0: Fly out, F4 (Line Drive, 4M, EV 70.6 MPH)
|
|
Batting: LHB Tony Abascal
|
0-0: 2-RUN HOME RUN (Flyball, 9LD, EV 98.1 MPH), Distance : 383 ft
|
|
Batting: RHB Masatoshi Mori
|
0-0: Called Strike 0-1: Foul Ball, location: 2F 0-2: Ball 1-2: Ball 2-2: Foul Ball, location: 2F 2-2: Reached on error, E6 (Groundball, 6, EV 89.4 MPH)
|
|
Batting: LHB Zach Brandt
|
0-0: Swinging Strike 0-1: Ball 1-1: Ball 2-1: Ground out 4-3 (Groundball, 4S, EV 81.2 MPH)
|
| Bottom of the 1st over - 2 runs, 2 hits, 1 error, 1 left on base; Pennsylvania State University 1 - Ohio State University 2 |
| TOP OF THE 2ND |
|
Pennsylvania State University Nittany Lions batting - Pitching for Ohio State University Buckeyes : RHP Ryan Potter
|
|
Batting: RHB Joe Strachan
|
0-0: Ball 1-0: SINGLE (Flyball, 78S, EV 95.6 MPH)
|
|
Batting: RHB Victor Victorino
|
0-0: Grounds into double play, 5-4-3 (Groundball, 56, EV 109.4 MPH)
|
|
Batting: RHB Jesse Bandt
|
0-0: Called Strike 0-1: Ground out 5-3 (Groundball, 56S, EV 81.9 MPH)
|
| Top of the 2nd over - 0 runs, 1 hit, 0 errors, 0 left on base; Pennsylvania State University 1 - Ohio State University 2 |
| BOTTOM OF THE 2ND |
|
Ohio State University Buckeyes batting - Pitching for Pennsylvania State University Nittany Lions : LHP Jeremy Bravo
|
|
Batting: RHB David Guillen
|
0-0: Ground out 4-3 (Groundball, 4MS, EV 80.0 MPH)
|
|
Batting: LHB Anthony Ross
|
0-0: Called Strike 0-1: Swinging Strike 0-2: Strikes out swinging
|
|
Batting: LHB Ben Callaway
|
0-0: Foul Ball, location: 2F 0-1: Called Strike 0-2: Ball 1-2: Ground out 1-3 (Groundball, 13, EV 64.4 MPH)
|
| Bottom of the 2nd over - 0 runs, 0 hits, 0 errors, 0 left on base; Pennsylvania State University 1 - Ohio State University 2 |
| TOP OF THE 3RD |
|
Pennsylvania State University Nittany Lions batting - Pitching for Ohio State University Buckeyes : RHP Ryan Potter
|
|
Batting: LHB Dan Lape
|
0-0: Foul Ball, location: 2F 0-1: Ball 1-1: SINGLE (Groundball, 6D, EV 101.9 MPH)
|
|
Batting: RHB Perry Brantley
|
0-0: Foul Ball, location: 2F 0-1: Foul Ball, location: 2F 0-2: Grounds into double play, 6-4-3 (Groundball, 6, EV 93.1 MPH)
|
|
Batting: RHB Francisco Velazquez
|
0-0: Ball 1-0: Ball 2-0: Foul Ball, location: 2F 2-1: Foul Ball, location: 2F 2-2: Strikes out swinging
|
| Top of the 3rd over - 0 runs, 1 hit, 0 errors, 0 left on base; Pennsylvania State University 1 - Ohio State University 2 |
| BOTTOM OF THE 3RD |
|
Ohio State University Buckeyes batting - Pitching for Pennsylvania State University Nittany Lions : LHP Jeremy Bravo
|
|
Batting: LHB Adam Simpson
|
0-0: Ball 1-0: Called Strike 1-1: Swinging Strike 1-2: Fly out, F8 (Flyball, 8LM, EV 92.5 MPH)
|
|
Batting: RHB Jacob Carrano
|
0-0: Foul Ball, location: 2F 0-1: Ball 1-1: Ball 2-1: Ground out 4-3 (Groundball, 4, EV 101.9 MPH)
|
|
Batting: RHB Tristan Gimple
|
0-0: Called Strike 0-1: Fly out, F9 (Flyball, 9, EV 88.1 MPH)
|
| Bottom of the 3rd over - 0 runs, 0 hits, 0 errors, 0 left on base; Pennsylvania State University 1 - Ohio State University 2 |
| TOP OF THE 4TH |
|
Pennsylvania State University Nittany Lions batting - Pitching for Ohio State University Buckeyes : RHP Ryan Potter
|
|
Batting: RHB Pete Martin
|
0-0: Fly out, F8 (Line Drive, 89M, EV 90.0 MPH)
|
|
Batting: RHB Josh Ebeling
|
0-0: Ball 1-0: Ball 2-0: Ball 3-0: Base on Balls
|
|
Batting: RHB Rob Hinojosa
|
0-0: Called Strike 0-1: Called Strike 0-2: Ball 1-2: Foul Ball, location: 2F 1-2: Strikes out looking
|
|
Batting: RHB Joe Strachan
|
0-0: Swinging Strike 0-1: Swinging Strike 0-2: Ball 1-2: Strikes out swinging
|
| Top of the 4th over - 0 runs, 0 hits, 0 errors, 1 left on base; Pennsylvania State University 1 - Ohio State University 2 |
| BOTTOM OF THE 4TH |
|
Ohio State University Buckeyes batting - Pitching for Pennsylvania State University Nittany Lions : LHP Jeremy Bravo
|
|
Batting: LHB Tony Abascal
|
0-0: Ball 1-0: Called Strike 1-1: Fly out, F6 (Popup, 6D, EV 68.1 MPH)
|
|
Batting: RHB Masatoshi Mori
|
0-0: Foul Ball, location: 2F 0-1: Ball 1-1: Called Strike 1-2: Ball 2-2: Foul Ball, location: 2F 2-2: Ball 3-2: SINGLE (Groundball, 6D, EV 108.8 MPH)
|
|
Batting: LHB Zach Brandt
|
0-0: Ball 1-0: Ball 2-0: Called Strike 2-1: Foul Ball, location: 2F 2-2: Fly out, F7 (Flyball, 7LM, EV 87.5 MPH)
|
|
Batting: RHB David Guillen
|
0-0: Called Strike 0-1: Foul Ball, location: 2F 0-2: Ball 1-2: Ball 2-2: Strikes out swinging
|
| Bottom of the 4th over - 0 runs, 1 hit, 0 errors, 1 left on base; Pennsylvania State University 1 - Ohio State University 2 |
| TOP OF THE 5TH |
|
Pennsylvania State University Nittany Lions batting - Pitching for Ohio State University Buckeyes : RHP Ryan Potter
|
|
Batting: RHB Victor Victorino
|
0-0: Called Strike 0-1: Ball 1-1: Called Strike 1-2: Ball 2-2: Ball 3-2: Base on Balls
|
|
Batting: RHB Jesse Bandt
|
0-0: Called Strike 0-1: Ball 1-1: Foul Ball, location: 2F 1-2: Foul Ball, location: 2F 1-2: Fly out, F8 (Flyball, 8LD, EV 90.0 MPH)
|
|
Batting: LHB Dan Lape
|
0-0: Called Strike 0-1: Swinging Strike 0-2: Fly out, F8 (Flyball, 8RXD, EV 102.5 MPH)
|
|
Batting: RHB Perry Brantley
|
0-0: Called Strike 0-1: Foul Ball, location: 2F 0-2: Ball 1-2: Ball 2-2: Ball 3-2: Ground out 4-3 (Groundball, 34, EV 86.9 MPH)
|
| Top of the 5th over - 0 runs, 0 hits, 0 errors, 1 left on base; Pennsylvania State University 1 - Ohio State University 2 |
| BOTTOM OF THE 5TH |
|
Ohio State University Buckeyes batting - Pitching for Pennsylvania State University Nittany Lions : LHP Jeremy Bravo
|
|
Batting: LHB Anthony Ross
|
0-0: Swinging Strike 0-1: Swinging Strike 0-2: Ball 1-2: Strikes out swinging
|
|
Batting: LHB Ben Callaway
|
0-0: Called Strike 0-1: Ball 1-1: Ball 2-1: Ball 3-1: Base on Balls
|
|
Batting: LHB Adam Simpson
|
0-0: Called Strike 0-1: Swinging Strike 0-2: Foul Ball, location: 2F 0-2: Strikes out swinging
|
|
Batting: RHB Jacob Carrano
|
0-0: Ball 1-0: Ball 2-0: Fly out, F5 (Popup, 56S, EV 65.0 MPH)
|
| Bottom of the 5th over - 0 runs, 0 hits, 0 errors, 1 left on base; Pennsylvania State University 1 - Ohio State University 2 |
| TOP OF THE 6TH |
|
Pennsylvania State University Nittany Lions batting - Pitching for Ohio State University Buckeyes : RHP Ryan Potter
|
|
Batting: RHB Francisco Velazquez
|
0-0: Called Strike 0-1: Fly out, F9 (Flyball, 9, EV 88.1 MPH)
|
|
Batting: RHB Pete Martin
|
0-0: Ball 1-0: Ground out 6-3 (Groundball, 6, EV 96.9 MPH)
|
|
Batting: RHB Josh Ebeling
|
0-0: Ball 1-0: Ball 2-0: Ball 3-0: Called Strike 3-1: Foul Ball, location: 2F 3-2: Fly out, F8 (Flyball, 78D, EV 96.9 MPH)
|
| Top of the 6th over - 0 runs, 0 hits, 0 errors, 0 left on base; Pennsylvania State University 1 - Ohio State University 2 |
| BOTTOM OF THE 6TH |
|
Ohio State University Buckeyes batting - Pitching for Pennsylvania State University Nittany Lions : LHP Jeremy Bravo
|
|
Batting: RHB Tristan Gimple
|
0-0: Ball 1-0: Ground out 5-3 (Groundball, 56, EV 84.4 MPH)
|
|
Batting: LHB Tony Abascal
|
0-0: Ball 1-0: Called Strike 1-1: Foul Ball, location: 2F 1-2: Fly out, F7 (Flyball, 7LS, EV 94.4 MPH)
|
|
Batting: RHB Masatoshi Mori
|
0-0: Swinging Strike 0-1: Ball 1-1: Swinging Strike 1-2: Ball 2-2: Strikes out swinging
|
| Bottom of the 6th over - 0 runs, 0 hits, 0 errors, 0 left on base; Pennsylvania State University 1 - Ohio State University 2 |
| TOP OF THE 7TH |
|
Pennsylvania State University Nittany Lions batting - Pitching for Ohio State University Buckeyes : RHP Ryan Potter
|
|
Batting: RHB Rob Hinojosa
|
0-0: Called Strike 0-1: Ball 1-1: Swinging Strike 1-2: Ground out 5-3 (Groundball, 56, EV 83.1 MPH)
|
|
Batting: RHB Joe Strachan
|
0-0: Fly out, F7 (Flyball, 7S, EV 90.6 MPH)
|
|
Batting: RHB Victor Victorino
|
0-0: Ball 1-0: Ball 2-0: SINGLE (Groundball, 56D, EV 95.0 MPH)
|
|
Batting: RHB Jesse Bandt
|
0-0: Called Strike 0-1: Ball 1-1: Ground out U3 (Groundball, 34, EV 103.1 MPH)
|
| Top of the 7th over - 0 runs, 1 hit, 0 errors, 1 left on base; Pennsylvania State University 1 - Ohio State University 2 |
| BOTTOM OF THE 7TH |
|
Ohio State University Buckeyes batting - Pitching for Pennsylvania State University Nittany Lions : LHP Jeremy Bravo
|
|
Pitching: RHP Hector Guzman
|
|
|
Batting: LHB Zach Brandt
|
0-0: Called Strike 0-1: Called Strike 0-2: Foul Ball, location: 2F 0-2: Ball 1-2: Ball 2-2: Foul Ball, location: 2F 2-2: Strikes out looking
|
|
Batting: RHB David Guillen
|
0-0: Called Strike 0-1: Foul Ball, location: 2F 0-2: Strikes out looking
|
|
Batting: LHB Anthony Ross
|
0-0: SINGLE (Flyball, 3D, EV 95.0 MPH)
|
|
Batting: LHB Ben Callaway
|
0-0: Ball 1-0: Swinging Strike 1-1: Called Strike 1-2: Strikes out swinging
|
| Bottom of the 7th over - 0 runs, 1 hit, 0 errors, 1 left on base; Pennsylvania State University 1 - Ohio State University 2 |
| TOP OF THE 8TH |
|
Pennsylvania State University Nittany Lions batting - Pitching for Ohio State University Buckeyes : RHP Ryan Potter
|
|
Pitching: RHP Kyle Collins
|
|
|
Batting: LHB Dan Lape
|
0-0: Foul Ball, location: 2F 0-1: Fly out, F9 (Flyball, 9, EV 73.1 MPH)
|
|
Batting: RHB Perry Brantley
|
0-0: Ball 1-0: Ball 2-0: Ball 3-0: Base on Balls
|
|
Batting: RHB Francisco Velazquez
|
0-0: Foul Ball, location: 2F 0-1: Foul Ball, location: 2F 0-2: Fly out, F9 (Flyball, 9D, EV 98.8 MPH)
|
|
Batting: RHB Pete Martin
|
0-0: Ball 1-0: Ball 2-0: Called Strike 2-1: Foul Ball, location: 2F 2-2: Fielders Choice at 2nd, 6-4 (Groundball, 56, EV 101.2 MPH)
|
| Top of the 8th over - 0 runs, 0 hits, 0 errors, 1 left on base; Pennsylvania State University 1 - Ohio State University 2 |
| BOTTOM OF THE 8TH |
|
Ohio State University Buckeyes batting - Pitching for Pennsylvania State University Nittany Lions : RHP Hector Guzman
|
|
Pitching: LHP J.P. Wolfgang
|
|
|
Batting: LHB Adam Simpson
|
0-0: Ball 1-0: Swinging Strike 1-1: Foul Ball, location: 2F 1-2: Ball 2-2: Foul Ball, location: 2F 2-2: Foul Ball, location: 2F 2-2: Ball 3-2: Foul Ball, location: 2F 3-2: Foul Ball, location: 2F 3-2: Base on Balls
|
|
Pitching: RHP David Cantu
|
|
|
Batting: RHB Jacob Carrano
|
0-0: Ball 1-0: Foul Ball, location: 2F 1-1: Ball 2-1: Swinging Strike 2-2: DOUBLE (Line Drive, 5D, EV 110.0 MPH) Adam Simpson to third
|
|
Batting: RHB Tristan Gimple
|
0-0: Ball 1-0: SINGLE (Groundball, 56, EV 102.5 MPH) Adam Simpson scores Jacob Carrano to third Runner from 3rd tries for Home, SAFE, throw by LF to home Tristan Gimple to second
|
|
Batting: LHB Tony Abascal
|
0-0: Intentional Walk
|
|
Batting: RHB Masatoshi Mori
|
0-0: Ball 1-0: Foul Ball, location: 2F 1-1: Foul Ball, location: 2F 1-2: SINGLE (Flyball, 34D, EV 89.4 MPH) Tristan Gimple to third Tony Abascal to second
|
|
Batting: LHB Zach Brandt
|
0-0: Ball 1-0: Called Strike 1-1: Foul Ball, location: 2F 1-2: Foul Ball, location: 2F 1-2: Strikes out looking
|
|
Batting: RHB David Guillen
|
0-0: Called Strike 0-1: Swinging Strike 0-2: Ball 1-2: Ball 2-2: Ball 3-2: Foul Ball, location: 2F 3-2: SINGLE (Groundball, 5L, EV 95.0 MPH) Tristan Gimple scores Tony Abascal to third Masatoshi Mori to second Runner from 3rd tries for Home, SAFE, throw by LF to home
|
|
Pitching: LHP Yari Rono
|
|
|
Batting: LHB Anthony Ross
|
0-0: Called Strike 0-1: Swinging Strike 0-2: Ball 1-2: SINGLE (Line Drive, 6M, EV 101.2 MPH) Masatoshi Mori to third David Guillen to second
|
|
Batting: LHB Ben Callaway
|
0-0: Grounds into double play, 1-2-3 (Groundball, 13, EV 67.5 MPH)
|
| Bottom of the 8th over - 4 runs, 5 hits, 0 errors, 2 left on base; Pennsylvania State University 1 - Ohio State University 6 |
| TOP OF THE 9TH |
|
Pennsylvania State University Nittany Lions batting - Pitching for Ohio State University Buckeyes : RHP Kyle Collins
|
|
Batting: RHB Josh Ebeling
|
0-0: Foul Ball, location: 2F 0-1: Foul Ball, location: 2F 0-2: Ball 1-2: Foul Ball, location: 2F 1-2: Ball 2-2: Ball 3-2: Fly out, F6 (Popup, 6, EV 67.5 MPH)
|
|
Batting: RHB Rob Hinojosa
|
0-0: Ball 1-0: Ball 2-0: Ball 3-0: Called Strike 3-1: Called Strike 3-2: SINGLE (Line Drive, 56D, EV 103.8 MPH)
|
|
Pitching: LHP Adrien Leroy
|
|
|
Batting: RHB Joe Strachan
|
0-0: Foul Ball, location: 2F 0-1: Ball 1-1: Ball 2-1: Foul Ball, location: 2F 2-2: TRIPLE (Line Drive, 7D, EV 101.9 MPH) Rob Hinojosa scores
|
|
Batting: RHB Victor Victorino
|
0-0: Foul Ball, location: 2F 0-1: Fly out, F9 (Flyball, 9, EV 87.5 MPH)
|
|
Batting: RHB Jesse Bandt
|
0-0: Swinging Strike 0-1: Ball 1-1: Fly out, F5 (Line Drive, 5L, EV 73.1 MPH)
|
| Top of the 9th over - 1 run, 2 hits, 0 errors, 1 left on base; Pennsylvania State University 2 - Ohio State University 6 |
|